 Dungeon Crawl Stone Soup version 0.16-a0-286-g6bac339 (webtiles) character file.

55 Kashira the Gusty (level 3, 0/19 HPs)
             Began as a Tengu Air Elementalist on Aug 28, 2014.
             Was an Initiate of Qazlal.
             Slain by an adder (3 damage)
             ... on Level 3 of the Dungeon.
             The game lasted 00:07:47 (1686 turns).

Kashira the Gusty (Tengu Air Elementalist)          Turns: 1686, Time: 00:07:48

HP   0/19        AC  3     Str  5      XL: 3   Next: 93%
MP   1/7         EV 13     Int 16      God: Qazlal [......]
Gold 81          SH  0     Dex 14      Spells:  3 memorised,  1 level left

rFire  . . .     SeeInvis .     e - +0 mace
rCold  . . .     Clarity  .     a - +0 robe
rNeg   . . .     rCorr    .     (no shield)
rPois  .         rRot     .     (helmet restricted)
rElec  .         Spirit   .     (no cloak)
SustAb .         Warding  .     m - +0 pair of gloves
rMut   .         Stasis   .     (boots unavailable)
Gourm  .                        (no amulet)
MR     .....                    (no ring)
                                d - cursed -3 ring of strength

@: lethally poisoned, very slightly contaminated, not resistant to hostile
enchantments, unstealthy
A: beak, talons 3
a: Renounce Religion


You were on level 3 of the Dungeon.
You worshipped Qazlal.
Qazlal was noncommittal.
You were not hungry.

You visited 1 branch of the dungeon, and saw 3 of its levels.

You collected 81 gold pieces.

Inventory:

Hand weapons
 e - a +0 mace (weapon)
Missiles
 k - 3 tomahawks (quivered)
Armour
 a - a +0 robe (worn)
 m - a +0 pair of gloves (worn)
Comestibles
 c - a bread ration
 n - a meat ration
 q - a beef jerky
 t - a rotting chunk of adder flesh
Scrolls
 f - 2 scrolls of recharging {unknown}
 g - a scroll of enchant weapon {unknown}
 h - 3 scrolls of identify {unknown}
 i - 2 scrolls of teleportation {unknown}
 j - 3 scrolls of remove curse {unknown}
 l - a scroll of magic mapping {unknown}
 p - a scroll of random uselessness {unknown}
 u - a scroll of blinking {unknown}
Jewellery
 d - a cursed -3 ring of strength (left hand)
Potions
 o - a potion of poison {unknown}
 r - a potion of haste {unknown}
Books
 b - a book of Air

   Spells                             Type                      Level
   *Shock                             Conjuration/Air              1
   *Swiftness                         Charms/Air                   2
   *Repel Missiles                    Charms/Air                   2
   Flight                             Charms/Air                   3
   Static Discharge                   Conjuration/Air              3
   Lightning Bolt                     Conjuration/Air              5


   Skills:
 + Level 2.4 Dodging
 + Level 2.3 Stealth
 + Level 2.1 Spellcasting
 + Level 2.0 Conjurations
 + Level 5.5 Air Magic


You had one spell level left.
You knew the following spells:

 Your Spells              Type           Power        Failure   Level  Hunger
a - Shock                 Conj/Air       ##..         6%          1    #......
b - Swiftness             Chrm/Air       ##......     12%         2    ###....
c - Repel Missiles        Chrm/Air       ##....       12%         2    ###....


Dungeon Overview and Level Annotations

Branches:
Dungeon (3/15)

Altars:
Qazlal
Trog


Innate Abilities, Weirdness & Mutations

You have a beak for a mouth.
You have claws for feet.


Message History

The adder bites you. The adder bites you but does no damage.
You miss the adder.
The adder is heavily wounded.
The adder closely misses you. The adder bites you.
You are poisoned.
The adder poisons you!
You hit the adder.
The adder is almost dead.
You feel sick. The adder bites you but does no damage. The adder bites you.
You are lethally poisoned!
The adder poisons you!
You closely miss the adder.
The adder is almost dead.
You feel sick. The adder bites you but does no damage.
You miss the adder.
The adder is almost dead.
You feel sick. The adder bites you.
* * * LOW HITPOINT WARNING * * *
The adder bites you.
You die...

.............#.###.####..###..###
.#######.#.........####..# #.....
.#######.#.###.#.........# #.####
.........#..##.#.#.####... #.#
###...#⌠#....#.#.#.# #..# #.#
##..)..#.........#.# #).# #..
#......%....(.(..### ... ...
..#..........#...# #..#
.##..........##.@## ##.#
................S.## .#
.....≈≈≈≈≈≈....%...### .
....≈≈####≈≈.........## ....≈##
##≈.....#....####. ....≈#
#≈....#⌠......... ....≈
#≈.....#....####. ....
#≈.......##.# ...
#≈≈...............


You could see an adder.

Vanquished Creatures
  An adder (D:3)
  A worm (D:3)
  An ooze (D:3)
  3 bats
  10 goblins
  4 hobgoblins
  3 jackals (D:1)
  7 kobolds
  A giant cockroach (D:2)
  2 giant geckos
  2 giant newts (D:1)
  3 rats (D:2)
38 creatures vanquished.

Notes
Turn   | Place    | Note
--------------------------------------------------------------
     0 | D:1      | Kashira, the Tengu Air Elementalist, began the quest for the Orb.
     0 | D:1      | Reached XP level 1. HP: 10/10 MP: 3/3
   324 | D:1      | Reached XP level 2. HP: 12/15 MP: 0/5
   571 | D:1      | Reached skill level 5 in Air Magic
   861 | D:2      | Reached XP level 3. HP: 19/19 MP: 5/7
  1001 | D:2      | Found a bloodstained altar of Trog.
  1130 | D:2      | Learned a level 2 spell: Swiftness
  1133 | D:2      | Learned a level 2 spell: Repel Missiles
  1590 | D:3      | Found a stormy altar of Qazlal.
  1596 | D:3      | Became a worshipper of Qazlal Stormbringer
  1686 | D:3      | Slain by an adder

Action                   || total
-------------------------++-------
Melee: Mace              ||    19
 Cast: Shock             ||    85
  Eat: Chunk             ||     4
